 Dungeon Crawl Stone Soup version 0.21-a0-331-gfb491b4 (webtiles) character file.

1582 GordonOverkill the Cleaver (level 8, 0/67 HPs)
             Began as a Minotaur Arcane Marksman on Oct 2, 2017.
             Succumbed to a killer bee's poison
             ... on level 6 of the Dungeon.
             The game lasted 00:16:48 (7373 turns).

GordonOverkill the Cleaver (MiAM)                   Turns: 7373, Time: 00:16:49

Health: 0/67       AC: 14    Str: 17    XL:     8   Next: 60%
Magic:  8/8        EV:  6    Int: 10    God:
Gold:   197        SH:  5    Dex: 13    Spells: 8/9 levels left

rFire    + . .     SeeInvis .   a - +0 war axe
rCold    + . .     Gourm    .   e - +0 buckler
rNeg     . . .     Faith    .   w - +0 plate armour
rPois    .         Spirit   .   k - +2 hat
rElec    .         Reflect  .   (no cloak)
rCorr    .         Harm     .   (no gloves)
MR       .....                  (no boots)
Stlth    ..........             (no amulet)
HPRegen  0.21/turn              p - ring of protection from fire
MPRegen  0.11/turn              (no ring)

@: lethally poisoned (0 -> -7)
A: retaliatory headbutt, horns 2, thin skeletal structure 1, cold resistance 1,
shaggy fur 1
a: no special abilities


You were on level 6 of the Dungeon.
You were very hungry.

You visited 1 branch of the dungeon, and saw 7 of its levels.

You collected 197 gold pieces.

Inventory:

Hand Weapons
 a - a +0 war axe (weapon)
 h - a +0 hand axe
Missiles
 c - 5 javelins (quivered)
 d - 2 throwing nets
Armour
 e - a +0 buckler (worn)
 k - a +2 hat (worn)
 w - a +0 plate armour (worn)
Jewellery
 p - a ring of protection from fire (left hand)
Scrolls
 n - 2 scrolls of identify
 r - a scroll of blinking
Potions
 m - a potion of magic
 o - a potion of agility
Books
 b - a book of Debilitation

   Spells                             Type                      Level
   a - Corona                         Hexes                        1
   b - Slow                           Hexes                        2
   c - Inner Flame                    Hexes/Fire                   3
   d - Portal Projectile              Hexes/Translocation          3
   e - Cause Fear                     Hexes                        4
   f - Leda's Liquefaction            Hexes/Earth                  4
Comestibles
 f - 5 bread rations
 g - 3 royal jellies
 i - 3 meat rations
 l - 2 fruits


   Skills:
 - Level 4.5 Fighting
 * Level 9.3 Axes
 - Level 2.0 Throwing
 - Level 4.2 Armour
 - Level 2.1 Dodging
 - Level 6.1 Shields
 - Level 1.0 Spellcasting
 - Level 2.0 Hexes


You had 8 spell levels left.
You knew the following spells:

 Your Spells              Type           Power        Failure   Level  Hunger
a - Corona                Hex            #......      100%        1    ##.....


Dungeon Overview and Level Annotations

Branches:
Dungeon (7/15)
 Temple: D:4-7

Altars:
Fedhas
Qazlal
Vehumet


Innate Abilities, Weirdness & Mutations

You reflexively headbutt those who attack you in melee.
You have a pair of horns on your head.
You have a somewhat thin skeletal structure. (Dex +2, Stealth)
Your flesh is cold resistant. (rC+)
You are covered in fur. (AC +1)


Message History

Your plate armour prevents you from hitting the killer bee.
Your headbutt misses the killer bee.
The killer bee is almost dead.
* * * LOW HITPOINT WARNING * * *
You feel sick.
The killer bee stings you but does no damage. x2
You closely miss the killer bee.
The killer bee is almost dead.
* * * LOW HITPOINT WARNING * * *
You feel sick.
The killer bee stings you but does no damage. x2
Your plate armour prevents you from hitting the killer bee.
Your headbutt misses the killer bee.
The killer bee is almost dead.
* * * LOW HITPOINT WARNING * * *
You feel sick.
The killer bee stings you but does no damage. x2
You miss the killer bee.
The killer bee is severely wounded.
You die...

#.......##.....#
##..†PP..######.#
####.PPP.# #.#
...†._PP.######.#
####PPPP.##)....#
##...PP..##.######
.#.......#....>.y#
##......###....#y#
###########..#.#@#
#............#.#.#
#..........#.#.#.#
.............#.#.#
....####.#<....#.#
....####[#######.#####
###.....)............#
..........##########.#
..........# ######.#


You could see 2 killer bees.

Vanquished Creatures
  Grinder (D:4)
  An ice beast (D:4)
  2 sky beasts
  4 necrophages (D:6)
  A bullfrog (D:6)
  A scorpion (D:6)
  A howler monkey (D:5)
  A crimson imp (D:5)
  A quasit (D:2)
  2 bullfrog zombies (D:6)
  An orc wizard (D:6)
  An orc priest (D:3)
  A hound (D:4)
  An iguana (D:4)
  4 worker ants
  A hound skeleton (D:4)
  A gnoll (D:1)
  4 adders (D:6)
  A howler monkey skeleton (D:4)
  3 river rats (D:6)
  A shadow imp (D:5)
  3 oozes (D:2)
  An adder zombie (D:6)
  An adder skeleton (D:4)
  8 worms
  2 dart slugs
  3 leopard geckos
  20 orcs
  5 giant cockroaches
  7 hobgoblins
  8 jackals (D:2)
  6 kobolds
  2 quokkas
  A ball python (D:6)
  12 bats
  6 frilled lizards
  11 goblins
  A quokka zombie (D:5)
  7 rats
  A bush (D:6)
139 creatures vanquished.

Vanquished Creatures (others)
  4 plants (D:6)
4 creatures vanquished.

Grand Total: 143 creatures vanquished

Notes
Turn   | Place    | Note
-------+----------+-------------------------------------------
     0 | D:1      | GordonOverkill the Minotaur Arcane Marksman began the quest for the Orb.
     0 | D:1      | Reached XP level 1. HP: 16/16 MP: 1/1
   153 | D:1      | Reached skill level 1 in Armour
   196 | D:1      | Reached XP level 2. HP: 20/24 MP: 2/2
   559 | D:1      | Reached XP level 3. HP: 30/30 MP: 3/3
  1357 | D:2      | Reached XP level 4. HP: 19/38 MP: 4/4
  2468 | D:3      | Reached XP level 5. HP: 42/46 MP: 5/5
  2647 | D:3      | Reached skill level 1 in Axes
  3045 | D:3      | Reached skill level 2 in Axes
  3406 | D:4      | Reached skill level 1 in Shields
  3467 | D:4      | Noticed an ice beast
  3487 | D:4      | Killed an ice beast
  3487 | D:4      | Reached XP level 6. HP: 37/53 MP: 6/6
  3893 | D:4      | Noticed Grinder
  3898 | D:4      | Paralysed by Grinder for 6 turns
  3907 | D:4      | Paralysed by Grinder for 4 turns
  3914 | D:4      | Killed Grinder
  3914 | D:4      | Reached skill level 5 in Shields
  3914 | D:4      | Reached XP level 7. HP: 45/60 MP: 7/7
  4516 | D:5      | Entered Level 5 of the Dungeon
  4649 | D:5      | Reached skill level 3 in Axes
  5408 | D:4      | Reached skill level 4 in Axes
  5822 | D:6      | Reached skill level 5 in Axes
  5986 | D:6      | Reached skill level 6 in Axes
  6380 | D:6      | Reached XP level 8. HP: 38/67 MP: 8/8
  6619 | D:6      | Reached skill level 7 in Axes
  6680 | D:6      | Found a radiant altar of Vehumet.
  6710 | D:6      | Found a blossoming altar of Fedhas.
  7255 | D:6      | Reached skill level 8 in Axes
  7282 | D:6      | Reached skill level 9 in Axes
  7340 | D:7      | Found a stormy altar of Qazlal.
  7367 | D:6      | Gained mutation: You are covered in fur. (AC +1) [potion of mutation]
  7367 | D:6      | Gained mutation: You have a somewhat thin skeletal structure. (Dex +2, Stealth) [potion of mutation]
  7367 | D:6      | Gained mutation: Your flesh is cold resistant. (rC+) [potion of mutation]
  7369 | D:6      | HP: 3/67 [killer bee (4)]
  7372 | D:6      | HP: 1/67 [poisoned by a killer bee]
  7373 | D:6      | Succumbed to a killer bee's poison

Vault maps used:
D:1:      dpeg_arrival_boxes_within_box
D:2:      first_bread
D:3:      minmay_misc_feat_diagonals
D:4:      minmay_unequal, uniq_grinder
D:6:      vehumet_crystals, lightli_sewer_entry_pipes,
          fedhas_altar_decomposition
D:7:      minmay_temple_entry_glass, basic_altar, serial_shops, kennysheep_mini,
          grunt_ogre_cave, minmay_misc_feat_iff, uniq_duvessa

Skill      XL: |  1  2  3  4  5  6  7  8 |
---------------+-------------------------+-----
Armour         | 1 2 3 4 |  4.2
Fighting       | 2 3 4 |  4.5
Axes           | 2 6 9 |  9.3
Shields        | 3 5 6 |  6.1
Throwing       | |  2.0
Dodging        | |  2.1
Spellcasting   | |  1.0
Hexes          | |  2.0

Action                   |  1- 3 |  4- 6 |  7- 9 || total
-------------------------+-------+-------+-------++-------
Melee: Dagger            |    18 |       |       ||    18
       Headbutt          |    16 |    41 |    62 ||   119
       Unarmed           |     3 |       |       ||     3
       Whip              |   104 |   229 |   212 ||   545
       War axe           |       |       |   150 ||   150
       Hand axe          |       |       |     8 ||     8
Throw: Javelin           |       |     1 |       ||     1
  Use: Scroll            |       |     5 |     8 ||    13
       Potion            |       |     3 |     5 ||     8
 Stab: Distracted        |       |     1 |       ||     1
  Eat: Chunk             |     1 |     7 |     9 ||    17
       Fruit             |       |       |     4 ||     4
Armor: Leather armour    |    44 |    18 |       ||    62
       Robe              |     2 |       |       ||     2
       Ring mail         |       |    51 |       ||    51
       Chain mail        |       |    49 |    31 ||    80
       Plate armour      |       |       |   157 ||   157
       Skin              |       |       |     8 ||     8
Dodge: Dodged            |    93 |   153 |    66 ||   312
Block: Buckler           |       |       |    45 ||    45

Table legend:
 A = Spawn XP
 B = Non-spawn XP
 C = Spawn XP percentage of total XP
 D = Spawn monster count
 E = Non-spawn monster count
 F = Spawn count percentage of total count
 G = Total turns spent on level
                    A         B        C        D         E        F      G
               +---------+---------+-------+---------+---------+-------+---------
         Total |       0 |    2260 |   0.0 |       0 |     138 |   0.0 |  7373
               +---------+---------+-------+---------+---------+-------+---------
           D:1 |       0 |      60 |   0.0 |       0 |      27 |   0.0 |  1175
           D:2 |       0 |     142 |   0.0 |       0 |      40 |   0.0 |  1304
           D:3 |       0 |      92 |   0.0 |       0 |      21 |   0.0 |   881
           D:4 |       0 |     675 |   0.0 |       0 |      13 |   0.0 |  1420
           D:5 |       0 |     158 |   0.0 |       0 |       7 |   0.0 |   933
           D:6 |       0 |    1133 |   0.0 |       0 |      30 |   0.0 |  1657
               +---------+---------+-------+---------+---------+-------+---------
